 Seeded DCSS version 0.27-a0-972-gd1521fd518 (webtiles) character file.

Game seed: 20210407 (custom seed)

73 muata the Magician (level 4, 32/32 HPs)
             Began as a Djinni Transmuter on Apr 7, 2021.
             Quit the game on level 3 of the Dungeon on Apr 14, 2021.
             The game lasted 00:09:27 (2567 turns).

muata the Magician (Djinni Transmuter)              Turns: 2567, Time: 00:09:28

Health: 32/32      AC: 10    Str:  9    XL:     4   Next: 27%
Gold:   42         EV: 12    Int: 15    God:
                   SH:  0    Dex: 17

rFire    + + .     SeeInvis .   g - +2 short sword (vamp)
rCold    x . .     Faith    .   (no shield)
rNeg     . . .     Spirit   .   a - +0 robe
rPois    ∞         Reflect  .   o - +0 helmet
rElec    .         Harm     .   (no cloak)
rCorr    .         Rampage  .   f - +2 pair of gloves {Dex+3}
Will     .....                  (boots unavailable)
Stlth    ++........             (no amulet)
HPRegen  0.10/turn              m - +4 ring of protection
MPRegen  0.00/turn              (no ring)

@: flying
A: fire resistance 2, cold vulnerability 1, float, innate caster, hp casting,
extra vitality 1
a: no special abilities


You were on level 3 of the Dungeon.
You visited 1 branch of the dungeon, and saw 3 of its levels.

You collected 42 gold pieces.

Inventory:

Hand Weapons
 g - a +2 vampiric short sword (weapon)
Armour
 a - a +0 robe (worn)
 f - a +2 pair of gloves of dexterity (worn)
 o - a +0 helmet (worn)
Jewellery
 m - a +4 ring of protection (left hand)
 n - an amulet of magic regeneration
Scrolls
 b - a scroll of teleportation {unknown}
 e - a scroll of fog {unknown}
 h - 2 scrolls of enchant armour {unknown}
 k - 2 scrolls of identify {unknown}
 l - a scroll of enchant weapon {unknown}
Potions
 c - a potion of curing {unknown}
 d - 2 potions of lignification {unknown}
 i - a potion of mutation {unknown}
 j - a potion of magic {unknown}


   Skills:
 - Level 1.0 Fighting
 - Level 2.1 Dodging
 - Level 3.0 Unarmed Combat
 + Level 3.7 Spellcasting


You couldn't memorise any spells.
You knew the following spells:

 Your Spells              Type           Power      Damage    Failure   Level
a - Beastly Appendage     Tmut           28%        N/A       4%          1
b - Wereblood             Tmut           14%        N/A       6%          2
c - Spider Form           Tmut/Pois      7%         N/A       12%         3
d - Ice Form              Ice/Tmut       14%        N/A       36%         4
e - Hydra Form            Tmut           7%         N/A       73%         5
f - Summon Small Mammal   Summ           56%        N/A       4%          1
Your spell library was empty.

Dungeon Overview and Level Annotations

Branches:
Dungeon (3/15)

Altars:


Innate Abilities, Weirdness & Mutations

You are immune to poison.
Your flesh is very heat resistant. (rF++)
You are vulnerable to cold. (rC-)
You float through the air rather than walking.
You learn spells naturally, not from books.
Your magical power is your life essence.
You have superior vitality. (+4 HP)


Message History

Your bat disappears in a puff of smoke!
There is an escape hatch in the floor here.
n - an amulet of magic regeneration
m - a +4 ring of protection (left hand)
You see here a +0 helmet.
o - a +0 helmet You start putting on your armour.
You continue putting on your +0 helmet. x4
You finish putting on your +0 helmet.
The adder hisses angrily.
Casting: Beastly Appendage (safe; 4% risk of failure)
Confirm with . or Enter, or press ? or * to list all spells.
You grow a pair of large bovine horns.
Your +0 helmet melds into your body.
You hit the adder.
The adder is lightly wounded.
The adder barely misses you.
You barely miss the adder. Your headbutt misses the adder.
The adder is lightly wounded.
The adder bites you but does no damage. The adder closely misses you.
You hit the adder.
You feel better.
The adder is heavily wounded.
The adder bites you but does no damage.
You hit the adder.
The adder is heavily wounded.
Your transformation is almost over.
The adder bites you. The adder bites you but does no damage.
You miss the adder.
The adder is heavily wounded.
The adder bites you but does no damage.
You hit the adder.
You feel better.
You kill the adder!
Done exploring.
Your horns disappear.
Your +0 helmet unmelds from your body.
There is a stone staircase leading down here.
You fly downwards.
There is a stone staircase leading up here.
Welcome back, muata the Djinni Transmuter.
Game seed: 20210407 (custom seed) Press ? for a list of commands and other information.
Are you sure you want to abandon this character and quit the game? (Confirm with "yes".)

#.#####. #.#
#....... #.#
######## #.#
######## #.#
#....... #.#
#.###### #.#
#.#
#.#########.#
#@..........#
#.###########
###


There were no monsters in sight!

Vanquished Creatures
  3 adders (D:2)
  2 dart slugs (D:1)
  4 ball pythons (D:1)
  3 bats
  5 endoplasms
  A giant cockroach (D:1)
  2 goblins (D:2)
  2 hobgoblins (D:1)
  2 kobolds (D:1)
  3 quokkas (D:1)
  3 rats (D:1)
30 creatures vanquished.

Vanquished Creatures (collateral kills)
  An adder (D:2)
  A worm (D:2)
  2 ball pythons (D:1)
  A bat (D:2)
  A goblin (D:2)
6 creatures vanquished.

Grand Total: 36 creatures vanquished

Notes
Turn   | Place    | Note
-------+----------+-------------------------------------------
     0 | D:1      | muata the Djinni Transmuter began the quest for the Orb.
     0 | D:1      | Reached XP level 1. HP: 17/17 MP: 0/0
   323 | D:1      | Reached XP level 2. HP: 20/22 MP: 0/0
  1298 | D:1      | Reached XP level 3. HP: 23/27 MP: 0/0
  1298 | D:1      | Learned a level 1 spell: Summon Small Mammal
  2008 | D:2      | Found a faded altar of an unknown god.
  2289 | D:2      | Reached XP level 4. HP: 25/32 MP: 0/0
  2567 | D:3      | Upgraded the game from 0.27-a0-906-g0a00ce863d to
                  | 0.27-a0-972-gd1521fd518
  2567 | D:3      | Quit the game

Illustrated notes

Levels and vault maps discovered:
D:1:      minmay_arrival_doors, layout_loops_ring, minmay_misc_feat_five
D:2:      layout_rooms, basic_ecumenical_altar, corner_web_ring
D:3:      layout_basic

Skill      XL: |  1  2  3 |
---------------+----------+-----
Spellcasting   | 2 3 |  3.7
Fighting       | |  1.0
Dodging        | |  2.1
Unarmed Combat | |  3.0

Action                   |  1- 3 |  4- 6 || total
-------------------------+-------+-------++-------
Melee: Unarmed           |    55 |       ||    55
       Headbutt          |     5 |       ||     5
       Punch             |     1 |       ||     1
       Short sword       |    53 |     6 ||    59
 Cast: Beastly Appendage |    12 |     1 ||    13
       Wereblood         |     2 |       ||     2
       Summon Small Mamm |    33 |       ||    33
 Stab: Sleeping          |     1 |       ||     1
Armor: Robe              |    53 |     4 ||    57
Dodge: Dodged            |   109 |     2 ||   111

Table legend: (Time is in decaauts)
 A = Elapsed time spent in this place.
 B = Non-inter-level travel time spent in this place.
 C = Inter-level travel time spent in this place.
 D = Time resting spent in this place.
 E = Time spent auto-exploring this place.
 F = Levels seen in this place.
 G = Mean time per level.
                   A        B        C        D        E       F      G
               +--------+--------+--------+--------+--------+-----+--------+
         Total |   2567 |   2551 |     16 |    648 |   1152 |   3 |  855.7 |
       Dungeon |   2567 |   2551 |     16 |    648 |   1152 |   3 |  855.7 |
               +--------+--------+--------+--------+--------+-----+--------+

Top non-repeatable levels by time:
     D:1: 1822 daAuts
     D:2: 690 daAuts
     D:3: 54 daAuts
